Map: Purity and Industry LE

Players

antagomiR - Winner!

  • Race: Protoss Protoss
  • League: Gold
  • Spawn Location: 3:00

langostino

  • Race: Terran Terran
  • League: Silver
  • Spawn Location: 12:00

VOD

Have the link to the VOD?

Description

Time

  • Played on: April 3, 2020, 8:31 p.m.
  • Length: 13:08
Show
View Real Time Build Order
Export as new Build Order

antagomiR Protoss - Winner!

Build Orders: Chargelot Immortal 

Get SALT Encoding   

  12  0:01  Probe  
  13  0:13  Probe  
  14  0:22  Pylon  
  14  0:25  Probe  
  15  0:40  Probe  
  15  0:42  Gateway  
  16  0:52  Probe  
  17  1:00  Assimilator  
  17  1:04  Probe  
  18  1:16  Probe, Assimilator  
  19  1:33  Probe  
  19  1:37  Cybernetics Core  
  20  1:42  Pylon  
  20  1:45  Probe  
  21  1:57  Probe  
  22  2:09  Probe  
  22  2:10  Warp Gate (Chrono Boost)  
  22  2:21  Probe  
  23  2:30  Stalker  
  23  2:33  Probe  
  26  2:40  Nexus  
  26  2:58  Pylon  
  26  3:20  Robotics Facility  
  26  3:22  Stalker (Chrono Boost)  
  28  3:33  Shield Battery  
  28  3:39  Probe  
  29  3:48  Gateway  
  29  3:49  Gateway  
  29  3:51  Probe  
  30  3:56  Gateway  
  30  3:59  Probe  
  31  4:03  Probe  
  31  4:05  Assimilator  
  31  4:06  Sentry  
  34  4:11  Probe  
  34  4:15  Probe  
  36  4:19  Observer  
  36  4:23  Probe  
  38  4:27  Probe  
  38  4:30  Twilight Council  
  39  4:35  Probe  
  39  4:36  Forge  
  40  4:39  Probe  
  40  4:43  Sentry  
  40  4:45  Pylon, Zealot  
  45  4:48  Probe  
  45  4:51  Probe  
  47  5:00  Assimilator  
  47  5:03  Probe x2  
  47  5:04  Pylon  
  49  5:15  Probe  
  49  5:16  Probe  
  51  5:27  Probe  
  51  5:28  Probe  
  53  5:33  Sentry  
  53  5:35  Charge (Chrono Boost), Zealot x2  
  59  5:39  Probe  
  59  5:40  Probe, Protoss Ground Weapons Level 1 (Chrono Boost)  
  61  5:51  Probe  
  61  5:53  Probe  
  61  5:54  Pylon  
  63  5:59  Photon Cannon  
  63  6:03  Probe  
  64  6:05  Probe  
  64  6:08  Photon Cannon  
  65  6:12  Photon Cannon  
  65  6:18  Gateway  
  65  6:20  Gateway  
  65  6:22  Gateway  
  65  6:24  Stalker x2  
  69  6:28  Zealot x2  
  73  6:33  Probe x2  
  75  6:45  Probe  
  76  6:52  Pylon  
  76  6:56  Probe  
  76  6:57  Pylon  
  76  6:58  Probe  
  77  7:08  Probe, Immortal (Chrono Boost)  
  77  7:12  Pylon x2, Stalker  
  84  7:40  Observer  
  84  7:41  Nexus  
  85  7:45  Pylon  
  85  7:47  Pylon  
  83  8:01  Immortal  
  87  8:08  Zealot  
  89  8:40  Observer  
  90  8:42  Templar Archives  
  90  8:45  Phoenix  
  90  8:50  Zealot  
  90  8:51  Zealot x4  
  90  8:52  Zealot  
  102  9:02  Immortal  
  106  9:16  Probe x2  
  108  9:19  Probe  
  109  9:25  Photon Cannon  
  109  9:27  Photon Cannon  
  109  9:28  Probe x2  
  109  9:30  Photon Cannon  
  111  9:41  Probe, Immortal  
  111  9:42  Probe x2  
  117  9:53  Probe  
  117  9:54  Probe x2  
  116  10:05  Probe, High Templar x5  
  116  10:06  High Templar x2  
  131  10:09  Archon x2  
  131  10:13  Assimilator  
  131  10:16  Assimilator, Shield Battery  
  131  10:17  Shield Battery  
  121  10:22  Pylon  
  121  10:24  Pylon  
  113  10:30  Immortal (Chrono Boost)  
  115  10:42  Zealot x6  
  125  10:43  Zealot  
  129  11:02  Immortal  
  133  11:04  Gateway  
  133  11:09  Gateway  
  133  11:10  Gateway  
  133  11:25  Sentry  
  133  11:26  Sentry x2  
  133  11:27  High Templar  
  133  11:28  High Templar x3  
  133  11:30  Archon  
  133  11:31  Archon  
  133  11:32  Archon  
  147  11:51  High Templar x3  
  147  11:53  Immortal  
  157  12:00  Archon  
  157  12:42  Pylon  
  157  12:44  Nexus  
  157  12:45  Pylon  
  157  12:48  Pylon  
  157  12:50  Assimilator  
  157  12:54  Assimilator  
Show
View Real Time Build Order
Export as new Build Order

langostino Terran 

Build Orders: Reaper Expand 

Get SALT Encoding   

  12  0:03  SCV  
  13  0:16  SCV  
  13  0:21  Supply Depot  
  14  0:28  SCV  
  15  0:43  SCV  
  15  0:44  Barracks  
  15  0:47  Refinery  
  16  0:55  SCV  
  17  1:07  SCV  
  18  1:19  SCV  
  19  1:32  Reaper  
  20  1:39  Command Center  
  20  1:43  SCV  
  20  1:46  Supply Depot  
  21  1:55  SCV  
  22  2:21  SCV  
  23  2:29  Factory, Barracks Reactor  
  23  2:36  Orbital Command  
  23  2:37  Refinery  
  23  2:56  Engineering Bay  
  24  2:59  Orbital Command  
  24  3:02  SCV  
  24  3:14  SCV  
  24  3:22  Factory Tech Lab  
  24  3:29  Barracks  
  24  3:30  SCV x2  
  24  3:33  Barracks  
  26  3:35  Marine  
  26  3:36  Marine  
  28  3:42  SCV x2  
  28  3:43  Bunker  
  30  3:52  Marine  
  30  3:53  Marine  
  30  3:54  SCV, Supply Depot  
  33  3:58  Siege Tank  
  33  4:02  SCV  
  37  4:06  SCV  
  38  4:17  Barracks Reactor  
  38  4:23  Barracks Tech Lab  
  38  4:30  Siege Tank  
  41  4:34  Refinery  
  41  4:39  Refinery  
  41  4:56  Supply Depot, Terran Infantry Weapons Level 1  
  41  4:57  SCV x2  
  41  4:59  Reaper  
  44  5:09  Stimpack  
  44  5:25  SCV x2  
  44  5:27  Marine x2  
  44  5:28  Marine x2  
  50  5:33  Siege Tank  
  53  5:37  Marauder  
  53  5:42  SCV x2  
  57  5:54  SCV x2  
  59  6:05  Supply Depot  
  59  6:06  SCV x2  
  61  6:18  SCV  
  62  6:27  Marine x4, SCV, Marauder  
  62  6:30  SCV, Armory  
  62  6:32  Missile Turret, Armory  
  70  6:36  Missile Turret  
  70  7:02  Bunker  
  70  7:31  Supply Depot  
  70  7:36  Terran Vehicle Weapons Level 1  
  70  7:37  Terran Vehicle And Ship Armor Level 1  
  70  7:40  Terran Infantry Weapons Level 2  
  70  7:53  Marine x3, SCV x2, Siege Tank  
  78  7:59  Marine  
  78  8:12  Command Center  
  78  8:26  Sensor Tower  
  78  8:43  Concussive Shells  
  78  9:03  Starport  
  78  9:04  Starport  
  78  9:08  Supply Depot  
  78  9:23  Marine x4, Thor, SCV x2  
  78  9:24  Marauder  
  92  9:26  Missile Turret  
  92  9:35  SCV x2  
  92  9:36  Missile Turret  
  94  9:41  Missile Turret, Starport Tech Lab  
  94  9:42  Command Center  
  94  9:43  Starport Tech Lab  
  94  9:48  SCV x2  
  96  9:57  Starport  
  94  10:18  Command Center  
  86  10:35  Command Center  
  86  10:50  Marine  
  86  10:53  Marine x3, Thor  
  86  10:54  Marauder  
  97  11:01  SCV x2  
  97  11:02  Orbital Command  
  99  11:13  SCV x2  
  99  11:14  Sensor Tower  
  99  11:17  Starport Reactor  
  101  11:23  Cloaking Field, Missile Turret  
  101  11:28  Missile Turret  
  101  11:30  SCV x2  
  101  11:31  Banshee x2  
  109  11:42  SCV  
  110  11:50  SCV  
  110  11:53  Orbital Command  
  111  11:56  Orbital Command  
  111  12:18  SCV x3  
  111  12:19  SCV  
  115  12:29  SCV  
  116  12:30  SCV x2  
  116  12:31  SCV  
  116  12:32  SCV  
  120  12:41  SCV  
  120  12:43  SCV  
  122  12:49  Marine x3  
  131  13:00  Missile Turret  
Tags
 
Add a new tag
Caveats
  • Supply blocks, unpowered buildings, or Contaminate may cause inaccurate times.
  • Supply counts are checked every 10 seconds.